 Dungeon Crawl Stone Soup version 0.26-a0-639-g72c4674329 (webtiles) character file.

Game seed: 3716464680854526033

2040 Flugslaktarn the Chopper (level 9, -6/85 HPs)
             Began as a Deep Dwarf Fighter on Sept 25, 2020.
             Was a Believer of Makhleb.
             Blown up by Maurice (24 damage)
             ... with a disintegration bolt
             ... on level 8 of the Dungeon.
             The game lasted 00:02:54 (3310 turns).

Flugslaktarn the Chopper (Deep Dwarf Fighter)       Turns: 3310, Time: 00:02:54

Health: -6/85      AC: 17    Str: 20    XL:     9   Next: 4%
Magic:  7/7        EV:  4    Int:  9    God:    Makhleb [**....]
Gold:   262        SH: 10    Dex: 15    Spells: 8/8 levels left

rFire    . . .     SeeInvis .   a - +1 war axe
rCold    . . .     Faith    +   c - +0 kite shield
rNeg     . . .     Spirit   .   e - +0 plate armour
rPois    .         Reflect  .   l - +0 helmet
rElec    .         Harm     .   (no cloak)
rCorr    .         Rampage  .   o - +1 pair of gloves
MR       ++...                  s - +0 pair of boots
Stlth    ..........             h - amulet of faith
HPRegen  0.00/turn              m - ring of protection from magic
MPRegen  0.10/turn              (no ring)

@: mighty, lethally poisoned (-6 -> -17), non-regenerating
A: damage resistance, heal wounds, sense surroundings 2, no regeneration
a: Heal Wounds, Minor Destruction, Renounce Religion


You were on level 8 of the Dungeon.
You worshipped Makhleb.
Makhleb was pleased with you.
You visited 2 branches of the dungeon, and saw 9 of its levels.
You visited the Abyss 1 time.
You also visited: Sewer.

You collected 262 gold pieces.

Inventory:

Hand Weapons
 a - a +1 war axe (weapon)
 b - a +1 dagger of distortion
   (You took it off an orc wizard on level 6 of the Dungeon)
Armour
 c - a +0 kite shield (worn)
 e - a +0 plate armour (worn)
   (You took it off an orc warrior on level 6 of the Dungeon)
 l - a +0 helmet (worn)
   (You found it on level 6 of the Dungeon)
 o - a +1 pair of gloves (worn)
   (You found it on level 6 of the Dungeon)
 s - a +0 pair of boots (worn)
   (You found it on level 6 of the Dungeon)
Jewellery
 f - a cursed -4 ring of dexterity {unknown}
   (You found it on level 7 of the Dungeon)
 h - an amulet of faith (around neck)
   (You found it on level 6 of the Dungeon)
 m - a ring of protection from magic (left hand)
   (You found it on level 4 of the Dungeon)
Scrolls
 i - a scroll of vulnerability {unknown}
 j - a scroll of magic mapping
 k - a scroll of random uselessness {unknown}
 r - 3 scrolls of identify
 t - 4 scrolls of teleportation
 x - 3 scrolls of remove curse
Potions
 d - a potion of might
 g - a potion of resistance {unknown}
 n - 3 potions of magic
 p - 2 potions of brilliance
 q - 4 potions of curing
 u - a potion of haste {unknown}


   Skills:
 * Level 6.5 Fighting
 * Level 7.3 Axes
 + Level 6.0 Armour
 - Level 0.2 Dodging
 + Level 5.9 Shields
 + Level 4.9 Invocations


You had 8 spell levels left.
You didn't know any spells.
Your spell library was empty.

Dungeon Overview and Level Annotations

Branches:
Dungeon (8/15)             Temple (1/1) D:5           Sewer (visited)
   Lair: D:8-11

Altars:
Ashenzari
Dithmenos
Kikubaaqudgha
Makhleb
Nemelex Xobeh
Qazlal
Sif Muna
Yredelemnul
Zin

Annotations:
D:8 Maurice


Innate Abilities, Weirdness & Mutations

You are resistant to damage.
You can heal yourself by infusing magical energy.
You passively map the area around you.
You do not regenerate.


Message History

You hear some strange, mumbled words.
You slash the ufetubus!
You kill the ufetubus!
Makhleb accepts your kill.
You feel better.
You feel very sick.
You closely miss the worker ant. You miss something.
You feel very sick.
You hear a zap.
Something tries to affect you, but you resist.
You block the worker ant's attack.
You hear a zap.
You are blasted!
* * * LOW HITPOINT WARNING * * *
You slash the worker ant!
The worker ant is heavily wounded.
You miss something.
You feel sick. You block the worker ant's attack.
You hear a zap.
You are blasted!
You die...

#..#.#........#
##.#.#........#
#####...#........#
#[...............#
#.###............#
* ##.###......)# *
*
.####..##.......#*
, ,,
................>*
* * *
#####.@########. *
#####a# , *, .
...#.## ,
,....##'#..### , ,
......[.#...# *
*,* ,
..a.<...#...# ,* *
, ........#.(.# ,
* #..###.###..# ,
, #. .. ,#..# *


You could see a worker ant.

Vanquished Creatures
  A hippogriff (D:8)
  2 ice beasts
  An orc warrior (D:6)
  2 phantoms
  A sky beast (D:5)
  2 water moccasin skeletons (D:5)
  4 wights (D:7)
  A centaur zombie (D:5)
  A bullfrog skeleton (D:4)
  13 orc wizards
  6 orc priests
  6 hounds
  2 centaur skeletons
  2 worker ants
  A hound skeleton (D:7)
  A howler monkey zombie (D:5)
  2 adders
  A shadow imp (D:5)
  5 white imps
  2 ufetubi
  4 worms
  An adder skeleton (D:5)
  4 leopard geckos
  12 orcs
  5 giant cockroaches
  2 hobgoblins (D:1)
  11 jackals
  3 kobolds
  A quokka (D:6)
  3 ball pythons (Sewer)
  4 bats
  5 frilled lizards
  A rat (D:2)
  A spectral orc (D:4)
113 creatures vanquished.

Notes
Turn   | Place    | Note
-------+----------+-------------------------------------------
     0 | D:1      | Flugslaktarn the Deep Dwarf Fighter began the quest for the
                  | Orb.
     0 | D:1      | Reached XP level 1. HP: 20/20 MP: 1/1
    76 | D:2      | Reached XP level 2. HP: 20/27 MP: 2/2
   136 | D:3      | Reached skill level 3 in Axes
   136 | D:3      | Reached XP level 3. HP: 34/34 MP: 2/2
   150 | D:3      | Reached XP level 4. HP: 38/42 MP: 3/3
   262 | D:4      | Reached XP level 5. HP: 28/50 MP: 4/4
   297 | D:4      | Found a shimmering blue altar of Sif Muna.
   300 | D:4      | Found an ancient bone altar of Kikubaaqudgha.
   301 | D:4      | Found a shadowy altar of Dithmenos.
   302 | D:4      | Found a glowing silver altar of Zin.
   304 | D:4      | Found a burning altar of Makhleb.
   407 | D:4      | Became a worshipper of Makhleb the Destroyer
   515 | D:4      | Reached skill level 4 in Axes
   648 | D:4      | Found a shattered altar of Ashenzari.
   709 | D:4      | Reached skill level 1 in Invocations
   709 | D:4      | Reached XP level 6. HP: 46/57 MP: 5/5
   886 | D:4      | Found a basalt altar of Yredelemnul.
  1006 | D:5      | Entered Level 5 of the Dungeon
  1006 | D:5      | Found a sparkling altar of Nemelex Xobeh.
  1253 | D:5      | Reached * piety under Makhleb
  1333 | D:5      | Found a glowing drain.
  1347 | Sewer    | Entered a sewer
  1502 | D:5      | Noticed an ice beast
  1518 | D:5      | Killed an ice beast
  1518 | D:5      | Reached skill level 5 in Axes
  1518 | D:5      | Reached XP level 7. HP: 65/66 MP: 7/7
  1636 | D:5      | Found a staircase to the Ecumenical Temple.
  1720 | D:5      | Reached skill level 5 in Fighting
  1961 | Temple   | Entered the Ecumenical Temple
  2020 | D:6      | Reached skill level 5 in Shields
  2027 | D:6      | Reached skill level 5 in Armour
  2031 | D:6      | Reached ** piety under Makhleb
  2040 | D:6      | Reached skill level 6 in Axes
  2040 | D:6      | Reached XP level 8. HP: 39/75 MP: 7/7
  2240 | D:6      | Cast into level 2 of the Abyss (orc wizard)
  2258 | D:6      | Escaped the Abyss
  2734 | D:7      | Found a basalt altar of Yredelemnul.
  3152 | D:7      | Reached skill level 7 in Axes
  3282 | D:8      | Found a stormy altar of Qazlal.
  3282 | D:8      | Noticed a hippogriff
  3283 | D:8      | Noticed Maurice
  3300 | D:8      | Killed a hippogriff
  3300 | D:8      | Gained mutation: You passively map the area around you.
                  | [Deep Dwarf growth]
  3300 | D:8      | Reached XP level 9. HP: 56/85 MP: 7/7
  3310 | D:8      | Blown up by Maurice

Illustrated notes

Levels and vault maps discovered:
D:1:      psy_arrival_radial02, layout_loops_corners
D:2:      layout_basic, nicolae_gozag_cash_rules_everything_around_me,
          grunt_dithmenos_smoke, uniq_robin, uniq_natasha
D:3:      layout_basic, gammafunk_temple_overflow_wave,
          nicolae_overflow_crystal_walls, tgw_xom,
          nicolae_ru_sacrificial_ziggurat, uniq_jessica
D:4:      layout_basic, yredelemnul_forgotten_temple_becter, minitemple,
          cheibrodos_ashenzari_chains
D:5:      layout_cave_pods, nemelex_xobeh_ov_fountains_minmay,
          minmay_temple_entry_slanted, cheibrodos_sewer_entry_sluice,
          kennysheep_boxes
D:6:      layout_cave_pools
D:7:      layout_gridville, lemuel_tele_altar
D:8:      layout_basic, grunt_qazlal_clouds, uniq_maurice
Temple:   nicolae_temple_figure_zero

Skill      XL: |  1  2  3  4  5  6  7  8 |
---------------+-------------------------+-----
Fighting       | 3 4 5 6 |  6.5
Axes           | 3 4 5 6 7 |  7.3
Armour         | 4 5 6 |  6.0
Shields        | 4 5 |  5.9
Invocations    | 1 2 3 4 |  4.9
Dodging        | |  0.2

Action                   |  1- 3 |  4- 6 |  7- 9 || total
-------------------------+-------+-------+-------++-------
Melee: War axe           |    45 |   198 |   247 ||   490
 Abil: Heal Wounds       |     1 |     3 |    11 ||    15
  Use: Potion            |       |       |     3 ||     3
       Scroll            |       |       |     9 ||     9
Armor: Scale mail        |    35 |     4 |       ||    39
       Chain mail        |       |   157 |   104 ||   261
       Plate armour      |       |       |    80 ||    80
Dodge: Dodged            |    28 |    70 |    44 ||   142
Block: Kite shield       |    26 |   135 |   128 ||   289

Table legend: (Time is in decaauts)
 A = Elapsed time spent in this place.
 B = Non-inter-level travel time spent in this place.
 C = Inter-level travel time spent in this place.
 D = Time resting spent in this place.
 E = Time spent auto-exploring this place.
 F = Levels seen in this place.
 G = Mean time per level.
                   A        B        C        D        E       F      G
               +--------+--------+--------+--------+--------+-----+--------+
         Total |   3492 |   3161 |    331 |      0 |   2061 |  11 |  317.5 |
       Dungeon |   3382 |   3051 |    331 |      0 |   2055 |   8 |  422.8 |
        Temple |      1 |      1 |      0 |      0 |      0 |   1 |    1.0 |
         Abyss |     21 |     21 |      0 |      0 |      3 |   1 |   21.0 |
         Sewer |     87 |     87 |      0 |      0 |      3 |   1 |   87.0 |
               +--------+--------+--------+--------+--------+-----+--------+

Top non-repeatable levels by time:
     D:5: 997 daAuts
     D:4: 875 daAuts
     D:6: 692 daAuts
     D:7: 569 daAuts
   Sewer: 87 daAuts
     D:1: 78 daAuts
     D:8: 60 daAuts
     D:2: 57 daAuts
     D:3: 50 daAuts
 Abyss:2: 21 daAuts
  Temple: 1 daAuts
